 Dungeon Crawl Stone Soup version 0.29.1-1-gd02db6906a (webtiles) character file.

Game seed: 12650569274312560953

200 Draeca the Chopper (level 5, -5/47 HPs)
             Began as a Hill Orc Chaos Knight on Oct 4, 2022.
             Was a Plaything of Xom.
             Slain by an ogre
             ... wielding a +0 giant spiked club
              (17 damage)
             ... on level 3 of the Dungeon.
             The game lasted 00:30:26 (4085 turns).

Draeca the Chopper (Hill Orc Chaos Knight)          Turns: 4085, Time: 00:30:27

Health: -5/47      AC: 10    Str: 17    XL:     5   Next: 78%
Magic:  14/14      EV: 11    Int: 12    God:    Xom [..*...]
Gold:   166        SH:  0    Dex: 10    Spells: 4/4 levels left

rFire   . . .      SeeInvis .   a - +0 hand axe (chaos)
rCold   . . .      Faith    .   (no shield)
rNeg    . . .      Spirit   .   r - +0 chain mail
rPois   .          Reflect  .   (no helmet)
rElec   .          Harm     .   i - +0 cloak
rCorr   .          Rampage  .   (no gloves)
Will    .....                   (no boots)
Stlth   ..........              (no amulet)
HPRegen 0.15/turn               l - ring of magical power
MPRegen 0.14/turn               q - +4 ring of evasion

@: no status effects
A: no striking features
a: Renounce Religion


You were on level 3 of the Dungeon.
You worshipped Xom.
You were a toy of Xom.
You visited 1 branch of the dungeon, and saw 4 of its levels.

You collected 166 gold pieces.

Inventory:

Hand Weapons
 a - a +0 hand axe of chaos (weapon)
Missiles
 b - 2 poisoned darts
Armour
 i - a +0 cloak (worn)
 r - a +0 chain mail (worn)
Jewellery
 l - a ring of magical power (left hand)
 q - a +4 ring of evasion (right hand)
Scrolls
 e - a scroll of silence
 g - 2 scrolls of enchant armour
 h - a scroll of poison
 k - 3 scrolls of teleportation {unknown}
 n - a scroll of amnesia {unknown}
 o - a scroll of blinking {unknown}
 p - a scroll of fear {unknown}
Potions
 d - a potion of attraction
 j - a potion of mutation {unknown}
 m - a potion of haste {unknown}
Miscellaneous
 c - a piece from Xom's chessboard (15/15) (quivered)


   Skills:
 + Level 4.8 Fighting
 * Level 6.5 Axes
 + Level 3.6 Armour
 - Level 0.7 Dodging


You had 4 spell levels left.
You didn't know any spells.
Your spell library contained the following spells:

 Spells                   Type           Power      Damage    Failure   Level
 Shock                    Conj/Air       0%         1d3       99%         1
 Sublimation of Blood     Necr           0%         N/A       100%        2
 Wereblood                Tmut           0%         N/A       100%        2
 Swiftness                Air            0%         N/A       100%        3
 Tukima's Dance           Hex            0%         N/A       100%        3
 Airstrike                Air            0%         2d(0-16)  100%        4
 Passage of Golubria      Tloc           0%         N/A       100%        4
 Yara's Violent Unravell  Hex/Tmut       0%         3d3       100%        5
 Summon Hydra             Summ           0%         N/A       100%        7


Dungeon Overview and Level Annotations

Branches:
Dungeon (4/15)             Temple (0/1) D:4

Altars:
Dithmenos


Message History

Reactivating autopickup.
There is a stone staircase leading down here.
Things that are here:
a +0 whip; a +0 ring mail; a scorpion corpse You are now a toy of Xom.
There is a stone staircase leading down here.
You climb downwards.
The boggart hits you with a +0 dagger. The ogre closely misses you.
The orc wizard points at you and mumbles some strange words.
The magic dart hits you but does no damage.
The boggart mumbles some strange words.
The boggart blinks!
There is a stone staircase leading up here.
The ogre closely misses you.
You climb upwards.
There is a stone staircase leading down here.
You hit the ogre. You burn the ogre.
The ogre is lightly wounded.
The ogre closely misses you.
You hit the ogre but do no damage.
The ogre is lightly wounded.
You barely miss the ogre.
The ogre is lightly wounded.
The ogre hits you with a +0 giant spiked club!!
Ouch! That really hurt!
You hit the ogre.
The ogre is lightly wounded.
The ogre closely misses you.
You hit the ogre. You burn the ogre.
The ogre is moderately wounded.
You hit the ogre but do no damage. You drain the ogre.
The ogre is heavily wounded.
The ogre hits you with a +0 giant spiked club.
* * * LOW HITPOINT WARNING * * *
You closely miss the ogre.
The ogre is heavily wounded.
You hit the ogre.
The ogre flickers and vanishes!
Deactivating autopickup; reactivate with Ctrl-A.
Something hits you!
You die...

# #.#....# #.....##...#
#####.####.# #.........#######
...##.####.#####'###..####...#
...##.##.................#.#.#
...##.#..........##..##.##.#.#
...##.####..#######.###....#.#
...##.................######.#
###############.)...#.# #.#
........# ##@{###.# #.#
#######.# #.## #.# #.# #.# #.#
#.# #.# #.# #.# #.# #.# #.#
#.# #.######.# #.# #.#
#........# #######.########.#
########## .................#
#######.##########


There were no monsters in sight!

Vanquished Creatures
  A scorpion (D:3)
  An orc wizard (D:4)
  2 adders (D:2)
  A worm (D:3)
  4 dart slugs
  6 orcs
  8 ball pythons
  13 endoplasms
  A giant cockroach (D:3)
  6 goblins
  5 hobgoblins
  7 kobolds
  3 quokkas
  7 bats
  6 frilled lizards
  2 rats
73 creatures vanquished.

Notes
Turn   | Place    | Note
-------+----------+-------------------------------------------
     0 | D:1      | Draeca the Hill Orc Chaos Knight began the quest for the
                  | Orb.
     0 | D:1      | Reached XP level 1. HP: 19/19 MP: 1/1
    53 | D:1      | XOM: divination: detect creatures
   102 | D:1      | Reached XP level 2. HP: 12/27 MP: 2/2
   307 | D:1      | XOM: silly message
   322 | D:1      | XOM: silly message
   467 | D:1      | Found a faded altar of an unknown god.
   598 | D:1      | Reached XP level 3. HP: 33/33 MP: 3/3
   809 | D:1      | XOM: silly message
  1214 | D:2      | Reached skill level 5 in Axes
  1352 | D:2      | XOM: silly message
  1569 | D:2      | XOM: divination: magic mapping
  1695 | D:2      | HP: 1/33 [poisoned by an adder]
  1716 | D:2      | XOM: silly message
  1836 | D:2      | Reached XP level 4. HP: 18/40 MP: 4/4
  1932 | D:2      | XOM: noise
  2399 | D:3      | XOM: potion effect (invisibility)
  3101 | D:3      | Found a shadowy altar of Dithmenos.
  3787 | D:4      | XOM: noise
  3787 | D:4      | Noticed a scorpion
  3787 | D:4      | Found a staircase to the Ecumenical Temple.
  3791 | D:3      | XOM: fog
  3800 | D:3      | Killed a scorpion
  3801 | D:3      | Reached skill level 6 in Axes
  3801 | D:3      | Reached XP level 5. HP: 32/47 MP: 5/5
  3921 | D:4      | XOM: summons 3 hostile demons
  3934 | D:4      | Noticed a boggart
  3934 | D:4      | an orc wizard changed into a boggart
  3935 | D:4      | Noticed an ogre
  4085 | D:3      | Slain by an ogre

Illustrated notes

Levels and vault maps discovered:
D:1:      matt_arrival_grand_opening, layout_loops_cross,
          basic_ecumenical_altar, grunt_decor_resistance
D:2:      layout_basic
D:3:      layout_basic, nicolae_dithmenos_through_a_glass_darkly
D:4:      layout_rooms, fedhas_ov_isle_minmay,
          minmay_temple_entry_statues_fountains, hex_tiny

Skill      XL: |  1  2  3  4 |
---------------+-------------+-----
Fighting       | 4 |  4.8
Axes           | 5 6 |  6.5
Armour         | 3 |  3.6
Dodging        | |  0.7

Action                   |  1- 3 |  4- 6 || total
-------------------------+-------+-------++-------
Melee: Hand axe          |   101 |   113 ||   214
  Use: Scroll            |     1 |     4 ||     5
       Potion            |       |     1 ||     1
Armor: Leather armour    |    42 |    13 ||    55
       Chain mail        |       |    75 ||    75
Dodge: Dodged            |    44 |   107 ||   151
